 Dungeon Crawl Stone Soup version 0.19-a0-981-gaae9137 (webtiles) character file.

319 ololoev the Sneak (level 6, -4/55 HPs)
             Began as a Deep Dwarf Enchanter on July 14, 2016.
             Slain by an ogre
             ... wielding a +0 giant club
              (11 damage)
             ... on level 4 of the Dungeon.
             The game lasted 00:18:26 (5372 turns).

ololoev the Sneak (Deep Dwarf Enchanter)            Turns: 5372, Time: 00:18:27

Health: -4/55      AC:  3    Str: 14    XL:     6   Next: 21%
Magic:  0/9        EV: 13    Int: 15    God:
Gold:   166        SH:  0    Dex: 10    Spells: 3 memorised, 4 levels left

rFire  . . .     SeeInvis .     a - -3 short sword (curse)
rCold  . . .     Gourm    .     s - +0 robe (curse)
rNeg   . . .     Faith    .     (no shield)
rPois  .         Spirit   .     j - +0 helmet (curse)
rElec  .         Dismiss  .     (no cloak)
rCorr  .         Reflect  .     (no gloves)
SustAt .         Harm     .     (no boots)
MR     .....                    (no amulet)
Stlth  ++........               (no ring)
                                q - -3 ring of dexterity (curse)

@: non-regenerating, not resistant to hostile enchantments, unstealthy
A: damage resistance, recharge devices, sense surroundings 1, slow regeneration
3
a: Device Recharging


Innate Abilities, Weirdness & Mutations

You are resistant to damage.
You can recharge devices by infusing magical energy.
You passively map a small area around you.
You do not regenerate naturally.

Inventory:

Hand Weapons
 a - a cursed -3 short sword (weapon)
 i - a +1 dagger
 t - a +0 hand axe
Armour
 j - a cursed +0 helmet (worn)
 s - a cursed +0 robe (worn)
 u - a +2 leather armour of cold resistance
Jewellery
 q - a cursed -3 ring of dexterity (left hand)
Wands
 d - a wand of heal wounds (1/9)
Scrolls
 e - a scroll of enchant weapon
 g - a scroll of blinking
 o - a scroll of fear
 p - a scroll of teleportation
Potions
 b - 2 potions of curing {unknown}
 h - 2 potions of might {unknown}
 l - 2 potions of flight {unknown}
 m - a potion of cure mutation {unknown}
 n - a potion of invisibility {unknown}
 v - 2 potions of cancellation {unknown}
Books
 c - a book of Maledictions

   Spells                             Type                      Level
   a - Corona                         Hexes                        1
   b - Ensorcelled Hibernation        Hexes/Ice                    2
   c - Confuse                        Hexes                        3
   d - Tukima's Dance                 Hexes                        3
   e - Dazzling Spray                 Conjuration/Hexes            3
Comestibles
 f - 3 bread rations
 r - a beef jerky


   Skills:
 + Level 2.4 Fighting
 - Level 0.8 Short Blades
 * Level 0.9 Axes
 + Level 2.3 Armour
 - Level 3.5 Dodging
 - Level 3.6 Stealth
 + Level 2.7 Spellcasting
 * Level 3.5 Hexes


You had 4 spell levels left.
You knew the following spells:

 Your Spells              Type           Power        Failure   Level  Hunger
a - Corona                Hex            ##.....      6%          1    #......
b - Ensorcelled Hibernat  Hex/Ice        #.....       17%         2    ##.....
c - Confuse               Hex            ##......     17%         3    ###....


You were on level 4 of the Dungeon.
You were near starving.

You visited 1 branch of the dungeon, and saw 4 of its levels.

You collected 166 gold pieces.

* * #........#
##.#########.#..
#........# #.#
#.#.. *, ##...)...#
#.# #.### ##.....##
##+## #.... *
##...## ##...##
####### , ....##
##.....## #...### ,
......# ##.......##
#.#.... ####...#
#.........###....##
,.....
+.@O......'.......#
*.#...#
#.........####...##
, #.##..#
##.......## #..##
##.....## #.## , *
##...## #.# , ##+##
#.# ###?# #.# ,**
#.#.# #.# , #..##
#.#

Notes
Turn   | Place    | Note
-------+----------+-------------------------------------------
     0 | D:1      | ololoev the Deep Dwarf Enchanter began the quest for the Orb.
     0 | D:1      | Reached XP level 1. HP: 15/15 MP: 3/3
     0 | D:1      | Goblin1989: давай скальда
     0 | D:1      | Goblin1989: эх
     0 | D:1      | Goblin1989: хексер
   435 | D:1      | Goblin1989: фан или проти хочешь?
   438 | D:1      | Reached skill level 1 in Fighting
   438 | D:1      | Reached XP level 2. HP: 13/25 MP: 0/4
   442 | D:1      | ololoev: проти?
   453 | D:1      | Goblin1989: *пройти
   453 | D:1      | ololoev: пройти
   453 | D:1      | ololoev: но по фану
   453 | D:1      | ololoev: обычными комбами надоело
   526 | D:1      | Goblin1989: это будет либо весело, либо смертельно )))
   575 | D:1      | Learned a level 2 spell: Ensorcelled Hibernation
   614 | D:1      | Reached skill level 1 in Armour
   637 | D:1      | Goblin1989: качай стелс тогда в фоне
   639 | D:1      | ololoev: нинужен
   639 | D:1      | ololoev: хеви армор и плейт наше все
   653 | D:1      | ololoev: буду стабать топором
  1248 | D:1      | Reached XP level 3. HP: 31/31 MP: 5/5
  1958 | D:2      | Reached XP level 4. HP: 33/39 MP: 4/7
  2004 | D:2      | Found a stormy altar of Qazlal.
  2452 | D:2      | Learned a level 3 spell: Confuse
  2944 | D:3      | Found a shimmering altar of Xom.
  2988 | D:3      | Noticed Natasha
  3038 | D:3      | Killed Natasha
  3299 | D:3      | Noticed Robin
  3310 | D:3      | Noticed Natasha
  3335 | D:3      | Found a sacrificial altar of Ru.
  3602 | D:3      | Reached XP level 5. HP: 35/45 MP: 0/8
  3889 | D:2      | Goblin1989: лол
  4038 | D:3      | Noticed a phantom
  4039 | D:3      | Goblin1989: он какой-то непотопляемый
  4184 | D:3      | Killed Natasha
  4250 | D:3      | Noticed Natasha
  4260 | D:3      | Killed Natasha
  4676 | D:3      | Goblin1989: лол
  4676 | D:3      | ololoev: лол мне к эш надо
  4688 | D:4      | Goblin1989: тебе везет!
  5118 | D:4      | Noticed an ogre
  5182 | D:4      | Killed an ogre
  5182 | D:4      | Reached XP level 6. HP: 42/55 MP: 1/9
  5372 | D:4      | Slain by an ogre

Dungeon Overview and Level Annotations

Branches:
Dungeon (4/15)
 Temple: D:4-7

Altars:
Qazlal
Ru
Xom

Annotations:
D:3 Robin


Message History

You are too injured to fight recklessly!
You are too injured to fight recklessly!
You are too injured to fight recklessly!
Casting: Confuse
Confirm with . or Enter, or press ? or * to list all spells.
Aiming: Confuse
Press: ? - help, Shift-Dir - straight line, f - ogre
Aim: an ogre, wielding a giant club (lightly wounded, chance to defeat MR: 43%)
The ogre appears confused.
The ogre gestures wildly.
You hit the ogre but do no damage.
The ogre is lightly wounded.
You catch the helpless ogre completely off-guard!
You hit the ogre.
The ogre is moderately wounded.
The ogre looks very confused.
You see here a silvery potion.
You hit the ogre but do no damage.
The ogre is moderately wounded.
You barely miss the ogre.
The ogre is moderately wounded.
You barely miss the ogre.
The ogre is moderately wounded.
The ogre seems less confused.
The ogre hits you with a giant club!
Casting: Confuse
Confirm with . or Enter, or press ? or * to list all spells.
Aiming: Confuse
Press: ? - help, Shift-Dir - straight line, f/p - ogre
Aim: an ogre, wielding a giant club (moderately wounded, chance to defeat MR: 43%)
The ogre appears confused.
You completely miss the ogre.
The ogre is moderately wounded.
Casting: Confuse
Confirm with . or Enter, or press ? or * to list all spells.
Aiming: Ensorcelled Hibernation
Press: ? - help, Shift-Dir - straight line, f/p - ogre
Aim: an ogre, wielding a giant club (moderately wounded, confused, chance to defeat MR: 38%)
The ogre looks drowsy...
You are feeling very hungry.
Found a stone staircase leading up.
The ogre shouts!
The ogre hits you with a giant club!
You completely miss the ogre.
The ogre is lightly wounded.
The ogre gestures wildly.
Evoke which item? (* to show all) (? for menu, Esc to quit)
Zapping:
d - a wand of heal wounds (2/9)
Press: ? - help, Shift-Dir - straight line, f - you, p - ogre You feel much better.
This wand has 1 charge left.
The ogre seems less confused.
The ogre hits you with a giant club!
You hit the ogre but do no damage.
The ogre is lightly wounded.
The ogre misses you.
Casting: Ensorcelled Hibernation
Confirm with . or Enter, or press ? or * to list all spells.
Aiming: Confuse
Press: ? - help, Shift-Dir - straight line, f - ogre
Aim: an ogre, wielding a giant club (lightly wounded, chance to defeat MR: 43%)
The ogre resists with some effort.
The ogre misses you.
You see here a silvery potion.
Casting: Confuse
Confirm with . or Enter, or press ? or * to list all spells.
Aiming: Confuse
Press: ? - help, Shift-Dir - straight line, f/p - ogre
Aim: an ogre, wielding a giant club (lightly wounded, chance to defeat MR: 43%)
You miscast Confuse.
You are very lightly contaminated with residual magic.
Strange energies run through your body. The ogre closely misses you.
There is an open door here.
Your magical contamination has completely faded away.
Casting: Confuse
Confirm with . or Enter, or press ? or * to list all spells.
Aiming: Confuse
Press: ? - help, Shift-Dir - straight line, f/p - ogre
Aim: an ogre, wielding a giant club (lightly wounded, chance to defeat MR: 43%)
The ogre resists with some effort.
You are near starving!
The ogre hits you with a giant club!
You die...

You could see an ogre.

Vanquished Creatures
  An ogre (D:4)
  An orc priest (D:3)
  Natasha (thrice) (D:3)
  2 gnolls (D:2)
  2 adders
  3 worms
  5 dart slugs
  2 giant geckos
  4 orcs (D:3)
  A ball python (D:2)
  4 giant cockroaches
  7 goblins
  12 hobgoblins
  4 kobolds
  11 bats
  7 giant newts
  7 rats
76 creatures vanquished.

Action                   |  1- 3 |  4- 6 || total
-------------------------+-------+-------++-------
Melee: Dagger            |    91 |    71 ||   162
       Short sword       |       |    64 ||    64
 Cast: Corona            |    14 |     3 ||    17
       Ensorcelled Hiber |    16 |    55 ||    71
       Confuse           |       |    17 ||    17
 Abil: Device Recharging |       |     1 ||     1
Evoke: Wand              |     1 |     7 ||     8
  Use: Scroll            |       |     5 ||     5
 Stab: Sleeping          |    22 |    30 ||    52
       Confused          |       |     4 ||     4
  Eat: Chunk             |     5 |    11 ||    16
       Meat ration       |       |     1 ||     1
Armor: Robe              |    18 |    24 ||    42
       Ring mail         |     5 |       ||     5
Dodge: Dodged            |    62 |    81 ||   143

Vault maps used:
D:1:      elethiomel_arrival_shortcut, minmay_tripent
D:2:      lemuel_round_altar
D:3:      lemuel_doored_altar, first_bread, lemuel_statue_altar, uniq_natasha,
          uniq_robin
D:4:      nicolae_dithmenos_the_darkroom, minmay_misc_feat_iff
